Get step-by-step instructions on how to execute this build order below. Start the game timer, and the build order will tick by so you can play in parallel with StarCraft on a second screen or mobile device.

Game Time

  0:00

Last Step

  N/A

Next Step

Upcoming Step



Don't want to look back and forth between 2 screens? Try out our Overwolf App, the Spawning Tool Build Advisor to get an in-game overlay with this build!

Complete Build Order

  12  0:00  Probe  
  13  0:12  Probe  
  14  0:17  Pylon  
  14  0:24  Probe (Chrono Boost)  
  16  0:36  Gateway, Probe (Chrono Boost)  
  16  0:43  Probe (Chrono Boost)  
  16  0:46  Assimilator  
  17  0:51  Probe  
  17  0:54  Assimilator  
  18  1:03  Probe (Chrono Boost)  
  19  1:06  Gateway  
  19  1:13  Probe (Chrono Boost)  
  19  1:17  Probe (Chrono Boost)  
  20  1:24  Cybernetics Core  
  21  1:29  Probe  
  22  1:35  Pylon  
  22  1:41  Probe  
  23  1:53  Probe  
  24  2:00  Stalker x2  
  24  2:01  Warp Gate  
  28  2:07  Probe  
  29  2:11  Pylon  
  29  2:30  Stalker x2  
  33  2:53  Robotics Facility  
  33  3:01  Sentry  
  35  3:06  Shield Battery  
  35  3:08  Pylon  
  33  3:27  Gateway  
  33  3:36  Warp Prism (Chrono Boost)  
  35  3:43  Pylon  
  35  3:44  Probe  
  36  3:51  Sentry, Stalker  
  40  3:56  Probe  
  41  4:03  Immortal (Chrono Boost)  
  41  4:09  Pylon  
  46  4:10  Probe  
  46  4:22  Adept x2  
  50  4:28  Sentry  
  50  4:31  Probe  
  53  4:39  Observer  
  53  4:43  Probe  
  53  4:44  Pylon  
  55  5:07  Immortal (Chrono Boost), Probe  
  60  5:19  Probe  
  59  5:24  Adept  
  59  5:25  Adept  
  62  5:31  Stargate  
  61  5:36  Probe  
  61  5:37  Observer  
  63  5:45  Nexus  
  63  5:48  Pylon  
  63  5:56  Probe  
  64  5:59  Twilight Council  
  64  6:02  Stalker  
  66  6:16  Probe  
  67  6:28  Immortal  
  67  6:30  Probe  
  72  6:34  Blink (Chrono Boost)  
  72  6:40  Shield Battery  
  72  6:42  Probe  
  73  6:57  Stalker x2  
  73  6:59  Probe  
  72  7:02  Probe (Chrono Boost)  
  67  7:11  Probe (Chrono Boost)  
  69  7:20  Probe (Chrono Boost)  
  69  7:22  Probe (Chrono Boost)  
  70  7:26  Probe (Chrono Boost), Adept x2  
  70  7:27  Probe (Chrono Boost)  
  76  7:34  Pylon  
  76  7:38  Probe  
  76  7:39  Probe  
  78  7:50  Probe  
  79  7:59  Probe  
  78  8:11  Nexus  
  76  8:18  Immortal  
  80  8:20  Pylon  
  80  8:22  Probe x2  
  80  8:25  Stalker  
  80  8:26  Stalker  
  86  8:28  Forge  
  86  8:34  Probe  
  87  8:37  Probe  
  87  8:38  Shield Battery  
  88  8:46  Probe  
  89  8:49  Assimilator, Probe  
  89  8:51  Pylon  
  89  8:52  Observer  
  89  8:55  Gateway  
  90  8:59  Probe  
  90  9:00  Pylon  
  91  9:04  Sentry  
  91  9:05  Sentry  
  95  9:17  Probe x2  
  97  9:22  Gateway  
  97  9:27  Observer  
  97  9:29  Probe  
  99  9:34  Probe  
  100  9:41  Probe  
  101  9:51  Stalker x3  
  103  9:56  Probe  
  103  9:58  Probe  
  82  10:14  Gateway